 Dungeon Crawl Stone Soup version 0.24-a0-537-g2d01d4ab0a (webtiles) character file.

Game seed: 13402990938985374294

86 Gargoyl the Skirmisher (level 4, -3/38 HPs)
             Began as a Centaur Abyssal Knight on Aug 16, 2019.
             Was a Believer of Lugonu.
             Slain by an iguana (6 damage)
             ... on level 3 of the Dungeon.
             The game lasted 00:03:52 (2282 turns).

Gargoyl the Skirmisher (Centaur Abyssal Knight)     Turns: 2282, Time: 00:03:52

Health: -3/38      AC:  9    Str: 15    XL:     4   Next: 26%
Magic:  5/5        EV:  0    Int: 11    God:    Lugonu [**....]
Gold:   245        SH:  0    Dex:  9    Spells: 3/3 levels left

rFire    . . .     SeeInvis .   a - +1 hand axe
rCold    . . .     Gourm    .   (no shield)
rNeg     . . .     Faith    .   f - +0 plate armour
rPois    .         Spirit   .   (no helmet)
rElec    .         Reflect  .   (no cloak)
rCorr    .         Harm     .   (no gloves)
MR       .....                  (no barding)
Stlth    ..........             (no amulet)
HPRegen  0.12/turn              e - -3 ring of evasion (curse)
MPRegen  0.09/turn              (no ring)

@: very quick
A: large, hooves 3, deformed body, speed 2, low mp 1, tough skin 3
a: Depart the Abyss, Bend Space, Renounce Religion


You were on level 3 of the Dungeon.
You worshipped Lugonu.
Lugonu was pleased with you.
You were not hungry.

You visited 1 branch of the dungeon, and saw 3 of its levels.
You visited the Abyss 1 time.

You collected 245 gold pieces.

Inventory:

Hand Weapons
 a - a +1 hand axe (weapon)
Armour
 f - a +0 plate armour (worn)
Jewellery
 e - a cursed -3 ring of evasion (left hand)
Wands
 d - a wand of polymorph (10)
Scrolls
 b - a scroll of identify
 j - a scroll of teleportation
 k - a scroll of magic mapping {unknown}
 l - a scroll of noise {unknown}
 n - a scroll of enchant armour {unknown}
Potions
 g - a potion of flight {unknown}
 h - 2 potions of resistance {unknown}
 i - a potion of invisibility {unknown}
 m - a potion of ambrosia {unknown}
Comestibles
 c - 5 rations


   Skills:
 + Level 3.4 Fighting
 + Level 2.4 Axes
 * Level 2.2 Armour
 * Level 1.2 Dodging
 * Level 2.5 Invocations


You had 3 spell levels left.
You didn't know any spells.
Your spell library was empty.

Dungeon Overview and Level Annotations

Branches:
Dungeon (3/15)

Altars:


Innate Abilities, Weirdness & Mutations

You have hooves in place of feet.
Armour fits poorly on your strangely shaped body.
You cover ground very quickly.
You have extremely tough skin. (AC +3)
Your magical capacity is low. (-10% MP)


Message History

You completely miss the iguana. You kick the iguana, but do no damage.
The iguana is lightly wounded.
The iguana bites you but does no damage.
You hit the iguana.
The iguana is moderately wounded.
The iguana bites you! x2
You hit the iguana but do no damage. Your kick misses the iguana.
The iguana is moderately wounded.
The iguana bites you!
* * * LOW HITPOINT WARNING * * *
Unknown command.
You closely miss the iguana. Your kick misses the iguana.
The iguana is moderately wounded.
The iguana hisses menacingly.
The iguana bites you.
* * * LOW HITPOINT WARNING * * *
You hit the iguana. You kick the iguana.
The iguana is almost dead.
The iguana bites you.
You die...

#.# #.# #.# # #.# ##
... #.#.#.$ # ...
#.#.#.# #
#.#..####.#l#.#.#
.........@....#
####.####.......#
.#......####.###.#.
....................
######...####.#####.#
#...............
.......#..###.###
#.###..#....#.#
#..#†.#.#.#


You could see an iguana.

Vanquished Creatures
  3 adders
  An ooze (D:1)
  2 dart slugs
  2 leopard geckos (D:2)
  10 bats
  2 giant cockroaches
  4 goblins
  6 hobgoblins
  6 jackals (D:3)
  3 frilled lizards
  4 kobolds
  7 rats
50 creatures vanquished.

Notes
Turn   | Place    | Note
-------+----------+-------------------------------------------
     0 | Abyss:1  | Gargoyl the Centaur Abyssal Knight began the quest for the
                  | Orb.
     0 | Abyss:1  | Reached XP level 1. HP: 19/19 MP: 2/2
    25 | Abyss:2  | Found a corrupted altar of Lugonu.
    55 | Abyss:2  | Found a sparkling altar of Nemelex Xobeh.
    84 | Abyss:3  | Noticed a spriggan
   102 | Abyss:3  | Found a shimmering blue altar of Sif Muna.
   103 | Abyss:3  | Noticed a raiju
   103 | Abyss:3  | Noticed a raiju
   104 | Abyss:3  | Noticed a neqoxec
   105 | Abyss:3  | Noticed a raiju
   109 | Abyss:3  | Gained mutation: Your magical capacity is low. (-10% MP) [a
                  | neqoxec]
   111 | Abyss:3  | Noticed an iron imp
   111 | Abyss:3  | Noticed a quasit
   162 | Abyss:5  | Entered Level 5 of the Abyss
   198 | Abyss:5  | Noticed a large abomination
   198 | Abyss:5  | Noticed a ynoxinul
   212 | Abyss:5  | Noticed an eye of draining
   213 | Abyss:5  | Noticed a great orb of eyes
   213 | Abyss:5  | Noticed a large abomination
   229 | Abyss:5  | Noticed a spatial vortex
   232 | Abyss:5  | Found a corrupted altar of Lugonu.
   236 | Abyss:5  | Noticed a spatial maelstrom
   238 | Abyss:5  | Noticed a spatial vortex
   239 | Abyss:5  | Noticed a spatial vortex
   239 | D:1      | Escaped the Abyss
   344 | D:1      | Reached XP level 2. HP: 15/26 MP: 3/3
   687 | D:1      | Reached * piety under Lugonu
   830 | D:1      | Reached skill level 1 in Dodging
  1150 | D:2      | Reached XP level 3. HP: 31/31 MP: 4/4
  2047 | D:3      | Reached XP level 4. HP: 38/38 MP: 5/5
  2262 | D:3      | Reached ** piety under Lugonu
  2282 | D:3      | Slain by an iguana

Levels and vault maps discovered:
D:1:      minmay_arrival_glassed_features, layout_rooms
D:2:      layout_loops_cross
D:3:      layout_basic, yredelemnul_forgotten_temple_becter, first_ration,
          uniq_robin

Skill      XL: |  1  2  3 |
---------------+----------+-----
Dodging        | 1 |  1.2
Axes           | 2 |  2.4
Armour         | 2 |  2.2
Fighting       | |  3.4
Invocations    | |  2.5

Action                   |  1- 3 |  4- 6 || total
-------------------------+-------+-------++-------
Melee: Hand axe          |   129 |    35 ||   164
       Kick              |    15 |     7 ||    22
Invok: Depart the Abyss  |     1 |       ||     1
  Use: Scroll            |     4 |       ||     4
  Eat: Chunk             |     3 |       ||     3
Armor: Plate armour      |   214 |    64 ||   278
Dodge: Dodged            |    13 |     3 ||    16

Table legend:
 A = Non-vault XP
 B = Vault XP
 C = Vault XP percentage of total XP
 D = Non-vault monster count
 E = Vault monster count
 F = Vault count percentage of total count
                 A         B        C        D         E       F
            +---------+---------+-------+---------+---------+-------
      Total |     123 |       0 |   0.0 |      50 |       0 |   0.0
            +---------+---------+-------+---------+---------+-------
        D:1 |      39 |       0 |   0.0 |      22 |       0 |   0.0
        D:2 |      52 |       0 |   0.0 |      18 |       0 |   0.0
        D:3 |      32 |       0 |   0.0 |      10 |       0 |   0.0
            +---------+---------+-------+---------+---------+-------
